 Dungeon Crawl Stone Soup version 0.23-b1-70-gd12f7cf (webtiles) character file.

Game seed: 7263602441899393461

301 Yuikono the Skirmisher (level 6, -8/56 HPs)
             Began as a Hill Orc Fighter on Feb 6, 2019.
             Mangled by a gnoll
             ... wielding a +0 flail
              (10 damage)
             ... on level 4 of the Dungeon.
             The game lasted 00:07:15 (3762 turns).

Yuikono the Skirmisher (Hill Orc Fighter)           Turns: 3762, Time: 00:07:16

Health: -8/56      AC:  7    Str: 21    XL:     6   Next: 37%
Magic:  6/6        EV:  7    Int:  8    God:
Gold:   169        SH:  9    Dex: 10    Spells: 5/5 levels left

rFire    . . .     SeeInvis .   a - +0 long sword
rCold    . . .     Gourm    .   c - +0 shield
rNeg     . . .     Faith    +   b - +0 scale mail
rPois    .         Spirit   .   (no helmet)
rElec    .         Reflect  .   (no cloak)
rCorr    .         Harm     .   (no gloves)
MR       .....                  (no boots)
Stlth    ..........             l - amulet of faith
HPRegen  0.18/turn              j - ring of flight
MPRegen  0.10/turn              (no ring)

@: no status effects
A: no striking features
a: Evoke Flight


You were on level 4 of the Dungeon.
You were hungry.

You visited 1 branch of the dungeon, and saw 4 of its levels.

You collected 169 gold pieces.

Inventory:

Hand Weapons
 a - a +0 long sword (weapon)
Missiles
 e - 58 stones (quivered)
 i - 23 arrows
 k - 15 sling bullets
 p - 18 bolts
 w - 3 silver tomahawks
Armour
 b - a +0 scale mail (worn)
 c - a +0 shield (worn)
Jewellery
 j - a ring of flight (left hand)
 l - an amulet of faith (around neck)
Scrolls
 g - 7 scrolls of identify {unknown}
 h - 2 scrolls of amnesia {unknown}
 m - 3 scrolls of remove curse {unknown}
 n - 2 scrolls of teleportation
 t - a scroll of random uselessness {unknown}
Potions
 d - a potion of might
 o - a potion of brilliance {unknown}
 q - a potion of curing
 r - a potion of flight {unknown}
 s - 4 potions of heal wounds {unknown}
 u - a potion of agility {unknown}
Comestibles
 f - 6 rations


   Skills:
 + Level 5.2 Fighting
 + Level 4.0 Long Blades
 + Level 4.7 Armour
 + Level 4.7 Shields


You had 5 spell levels left.
You didn't know any spells.
Your spell library was empty.

Dungeon Overview and Level Annotations

Branches:
Dungeon (4/15)
 Temple: D:4-7

Altars:
Dithmenos
Hepliaklqana
Ru


Message History

You block the gnoll's attack.
The gnoll shaman hits you with a +0 whip.
* * * LOW HITPOINT WARNING * * *
You hit the gnoll.
The gnoll is almost dead.
The gnoll hits you with a +0 flail!
* * * LOW HITPOINT WARNING * * *
The gnoll shaman invokes the aid of its god against you.
You resist with some effort. The gnoll hits you with a +0 flail.
* * * LOW HITPOINT WARNING * * *
Press: ? - help, v - describe, . - travel, g - get item
Here: a gnoll shaman, wielding a +0 whip and wearing a +0 leather armour A +0 whip.
There is something else lying underneath.
The floor.
Unknown command.
You closely miss the gnoll.
The gnoll is almost dead.
The gnoll is no longer moving quickly.
The gnoll hits you with a +0 flail!
You die...

....#.. ##........
###.........
###...........
#...#........#
###............#
##.#g............
##..#g(...........
###...@##..g........
#.....g#............ ..
##.....................
##.......#.............
#.....#..##>..(...#....
##.....#..##.......#....
#...##..................
##....#..............#...
#..........#.............


You could see a gnoll shaman and 2 gnolls.

Vanquished Creatures
  A hound (D:3)
  2 orc wizards
  A worker ant (D:4)
  A gnoll (D:4)
  8 adders
  2 oozes
  2 worms
  2 dart slugs
  A leopard gecko (D:1)
  8 orcs
  A ball python (D:2)
  5 giant cockroaches
  9 goblins
  11 hobgoblins
  12 jackals
  6 bats
  5 frilled lizards
  8 kobolds
  A quokka skeleton (D:4)
  2 rats
88 creatures vanquished.

Notes
Turn   | Place    | Note
-------+----------+-------------------------------------------
     0 | D:1      | Yuikono the Hill Orc Fighter began the quest for the Orb.
     0 | D:1      | Reached XP level 1. HP: 19/19 MP: 1/1
   102 | D:1      | Reached XP level 2. HP: 23/27 MP: 2/2
   315 | D:1      | Reached skill level 4 in Fighting
   425 | D:1      | Reached XP level 3. HP: 31/33 MP: 3/3
   881 | D:2      | Found a hazy altar of Hepliaklqana.
   973 | D:2      | Reached XP level 4. HP: 32/40 MP: 4/4
  1664 | D:3      | Reached XP level 5. HP: 36/47 MP: 5/5
  2107 | D:3      | Found a sacrificial altar of Ru.
  2108 | D:3      | Found a shadowy altar of Dithmenos.
  2753 | D:4      | Noticed a phantom
  2810 | D:3      | Reached skill level 5 in Fighting
  2823 | D:3      | Reached XP level 6. HP: 7/56 MP: 6/6
  3761 | D:4      | HP: 2/56 [gnoll/+0 flail (2)]
  3762 | D:4      | Mangled by a gnoll

Skill      XL: |  1  2  3  4  5  6 |
---------------+-------------------+-----
Fighting       | 4 5 |  5.2
Long Blades    | 3 4 |  4.0
Armour         | 4 |  4.7
Shields        | 4 |  4.7

Action                   |  1- 3 |  4- 6 || total
-------------------------+-------+-------++-------
Melee: Long sword        |   107 |   268 ||   375
Throw: Stone             |       |     8 ||     8
  Use: Scroll            |     1 |       ||     1
       Potion            |       |     2 ||     2
  Eat: Chunk             |       |     9 ||     9
Armor: Scale mail        |    55 |   143 ||   198
Dodge: Dodged            |    31 |    82 ||   113
Block: Shield            |    59 |   167 ||   226
       Rpst.: Long sword |     8 |    33 ||    41
